 Dungeon Crawl Stone Soup version 0.28.0 (webtiles) character file.

Game seed: 777205560614428079

876 HallandMoats the Skirmisher (level 8, 0/70 HPs)
             Began as a Ghoul Monk on Feb 12, 2022.
             Slain by an ogre (15 damage)
             ... on level 5 of the Dungeon.
             The game lasted 00:07:12 (4941 turns).

HallandMoats the Skirmisher (Ghoul Monk)            Turns: 4941, Time: 00:07:12

Health: 0/70       AC: 17    Str: 17    XL:     8   Next: 4%
Magic:  9/9        EV:  6    Int:  5    God:
Gold:   307        SH:  0    Dex: 11    Spells: 7/7 levels left

rFire   . . .      SeeInvis .     - Unarmed
rCold   + . .      Faith    .   (no shield)
rNeg    + + +      Spirit   .   f - +1 plate armour of the Nightingale {Rampage}
rPois   ∞          Reflect  .   (no helmet)
rElec   .          Harm     .   (no cloak)
rCorr   .          Rampage  +   (no gloves)
Will    .....                   l - +0 pair of boots
Stlth   ..........              (no amulet)
HPRegen 0.00/turn               n - +4 ring of protection
MPRegen 0.11/turn               (no ring)

@: inhibited regen
A: claws 1, cold resistance 1, negative energy resistance 3, inhibited
regeneration, torment resistance 2
a: no special abilities


You were on level 5 of the Dungeon.
You visited 2 branches of the dungeon, and saw 6 of its levels.

You collected 335 gold pieces.
You spent 28 gold pieces at shops.

Inventory:

Hand Weapons
 a - a +3 scimitar of venom
Armour
 f - the +1 plate armour of the Nightingale (worn) {Rampage}
   (You found it on level 4 of the Dungeon)

   Rampage:   It bestows one free step when moving towards enemies.
 l - a +0 pair of boots (worn)
Jewellery
 n - a +4 ring of protection (left claw)
Wands
 i - a wand of iceblast (9)
Scrolls
 b - 2 scrolls of blinking {unknown}
 c - 3 scrolls of teleportation
 g - a scroll of enchant armour {unknown}
 h - a scroll of fear
 j - a scroll of amnesia
Potions
 d - 2 potions of heal wounds {unknown}
 e - a potion of berserk rage {unknown}
 k - a potion of lignification {unknown}
 m - a potion of cancellation {unknown}


   Skills:
 * Level 6.2 Fighting
 + Level 2.6 Armour
 + Level 4.0 Dodging
 - Level 2.1 Stealth
 * Level 6.1 Unarmed Combat
 + Level 3.1 Invocations


You had 7 spell levels left.
You didn't know any spells.
Your spell library contained the following spells:

 Spells                   Type           Power      Damage    Failure   Level
 Slow                     Hex            0%         N/A       100%        1
 Confusing Touch          Hex            0%         N/A       100%        3
 Dazzling Flash           Conj/Hex       0%         N/A       100%        3
 Vampiric Draining        Necr           0%         2d6       100%        3
 Iskenderun's Mystic Bla  Conj/Tloc      0%         2d3       100%        4
 Conjure Ball Lightning   Conj/Air       0%         3x3d6     100%        6
 Starburst                Conj/Fire      0%         6d3       100%        6
 Discord                  Hex            0%         N/A       100%        8
 Disjunction              Tloc           0%         N/A       100%        8


Dungeon Overview and Level Annotations

Branches:
Dungeon (5/15)             Temple (1/1) D:4

Altars:
Cheibriados
Elyvilon
Fedhas
Gozag
Uskayaw
Wu Jian
Yredelemnul
Lugonu

Shops:
D:2 (   D:3 (*


Innate Abilities, Weirdness & Mutations

You thrive by killing the living.
You are immune to poison.
You have sharp fingernails.
Your flesh is cold resistant. (rC+)
You are immune to negative energy. (rN+++)
You do not regenerate when monsters are visible.
You are immune to unholy pain and torment.


Message History

You claw the ogre!
The ogre is heavily wounded.
The ogre closely misses you.
You scratch the ogre.
The ogre is heavily wounded.
The ogre hits you with a +0 giant spiked club!
You are too injured to fight recklessly!
You are too injured to fight recklessly!
You are too injured to fight recklessly!
You are too injured to fight recklessly!
You are too injured to fight recklessly!
You are too injured to fight recklessly!
You are too injured to fight recklessly!
You are too injured to fight recklessly!
You are too injured to fight recklessly!
You are too injured to fight recklessly!
You are too injured to fight recklessly!
You are too injured to fight recklessly!
You are too injured to fight recklessly!
You are too injured to fight recklessly!
You are too injured to fight recklessly!
You are too injured to fight recklessly!
You are too injured to fight recklessly!
You are too injured to fight recklessly!
You are too injured to fight recklessly!
You completely miss the ogre.
The ogre is heavily wounded.
The ogre hits you with a +0 giant spiked club!!
* * * LOW HITPOINT WARNING * * *
You scratch the ogre.
The ogre is severely wounded.
You scratch the ogre.
The ogre is severely wounded.
The ogre closely misses you.
You scratch the ogre.
The ogre is severely wounded.
You scratch the ogre.
The ogre is almost dead.
The ogre hits you with a +0 giant spiked club!
You die...

.......................##..##
#.##.####..##.....##....'...#
#.##.####..##+######....#...#
........#.........#....##..##
........#.........##...##..##
..##...##..##.....#######...#
#########..##......#....#...#
#..##.....##...##..##
...##...@.##...###'##
###+##....O##...##...#
#......#........#
........#........#
..........#........#
..###########.########## ..
#...######.######....
#...'................
#...#................


You could see an ogre.

Vanquished Creatures
  Grinder (D:5)
  Menkaure (D:4)
  A necrophage (D:5)
  A scorpion (D:5)
  2 water moccasin skeletons
  A howler monkey (D:4)
  A jelly (Temple)
  2 orc priests
  An orc wizard (D:4)
  4 gnolls
  5 adders
  A worm (D:4)
  A dart slug (D:4)
  11 orcs
  11 ball pythons
  4 bats
  5 endoplasms
  2 giant cockroaches
  7 goblins
  8 hobgoblins
  2 jackals (D:4)
  4 quokkas
  3 frilled lizards
  5 kobolds
  4 rats
88 creatures vanquished.

Vanquished Creatures (others)
  An orc (D:5)
  A plant (D:1)
2 creatures vanquished.

Grand Total: 90 creatures vanquished

Notes
Turn   | Place    | Note
-------+----------+-------------------------------------------
     0 | D:1      | HallandMoats the Ghoul Monk began the quest for the Orb.
     0 | D:1      | Reached XP level 1. HP: 19/19 MP: 0/0
    31 | D:1      | Reached XP level 2. HP: 20/26 MP: 1/1
   694 | D:1      | Reached XP level 3. HP: 31/33 MP: 2/2
  1056 | D:2      | Found Ninit's Weapon Shoppe.
  1121 | D:2      | Reached skill level 1 in Invocations
  1141 | D:2      | Reached XP level 4. HP: 37/40 MP: 3/3
  1407 | D:2      | Found a faded altar of an unknown god.
  1709 | D:3      | Reached skill level 1 in Armour
  1709 | D:3      | Reached XP level 5. HP: 26/47 MP: 3/5
  1937 | D:3      | Found Suasajuwi's Antique Weapon Shoppe.
  2017 | D:3      | Found an ornate altar of the Wu Jian Council.
  2310 | D:3      | Found Qollah's General Store.
  2519 | D:3      | Bought a scroll of identify for 28 gold pieces
  2909 | D:4      | Identified the +1 plate armour of the Nightingale {Rampage}
  3449 | D:4      | Found a staircase to the Ecumenical Temple.
  3498 | Temple   | Entered the Ecumenical Temple
  3561 | Temple   | Reached XP level 6. HP: 36/55 MP: 6/6
  4023 | D:4      | Reached skill level 5 in Fighting
  4044 | D:4      | Reached skill level 5 in Unarmed Combat
  4146 | D:4      | Noticed Menkaure
  4161 | D:4      | Killed Menkaure
  4162 | D:4      | Reached XP level 7. HP: 8/61 MP: 7/7
  4599 | D:5      | Entered Level 5 of the Dungeon
  4618 | D:5      | Noticed Grinder
  4623 | D:5      | Paralysed by Grinder for 4 turns
  4634 | D:5      | Paralysed by Grinder for 3 turns
  4642 | D:5      | Killed Grinder
  4907 | D:5      | Reached XP level 8. HP: 69/70 MP: 9/9
  4941 | D:5      | Slain by an ogre

Illustrated notes

Levels and vault maps discovered:
D:1:      onia_arrival_mini_spirals, layout_basic, serial_bayou_pond_b,
          chequers_serial_rivers_micro_c
D:2:      layout_basic, serial_shops, nicolae_diamond_shop,
          ebering_ecumenical_altar_petrified
D:3:      layout_loops_ring, amcnicky_altar_gilded, serial_shops, shop, shop
D:4:      layout_cave_pools, minmay_temple_entry_ruins, chequers_arboretum,
          uniq_menkaure
D:5:      layout_gridville, uniq_grinder
Temple:   corrupted_temple

Skill      XL: |  1  2  3  4  5  6  7 |
---------------+----------------------+-----
Fighting       | 4 5 6 |  6.2
Unarmed Combat | 4 5 6 |  6.1
Invocations    | 1 2 3 |  3.1
Dodging        | 3 4 |  4.0
Armour         | 1 2 |  2.6
Stealth        | |  2.1

Action                   |  1- 3 |  4- 6 |  7- 9 || total
-------------------------+-------+-------+-------++-------
Melee: Unarmed           |    90 |   201 |    63 ||   354
       Punch             |     1 |    12 |     4 ||    17
  Use: Scroll            |       |     7 |       ||     7
 Stab: Sleeping          |     3 |       |       ||     3
       Distracted        |       |     1 |       ||     1
Armor: Robe              |     8 |       |       ||     8
       Ring mail         |     6 |    41 |       ||    47
       Plate armour      |       |    77 |    25 ||   102
Dodge: Dodged            |    55 |    90 |    13 ||   158
